SAL
ASHEVILLE TOURISTS @ ROME BRAVES
07/07/2108
 
TOP OF THE 1ST
Asheville Tourists batting - Pitching for Rome Braves : RHP Sam Crum
Pitching: RHP Sam Crum
Batting: RHB Jonathan Mendenhall 0-0: Foul Ball, location: 25F
0-1: Called Strike
0-2: Ball
1-2: Ball
2-2: Foul Ball, location: 5FF
2-2: Ball
3-2: Foul Ball, location: 3F
3-2: Base on Balls
Batting: RHB James LaRatta 0-0: Swinging Strike
0-1: Ball
1-1: Ball
2-1: Ball
3-1: SINGLE (Line Drive, 9LS, EV 92.5 MPH)
Jonathan Mendenhall to second
Batting: SHB Jordan Garcia 0-0: Called Strike
0-1: Ball
1-1: Ball
Wild Pitch!
Jonathan Mendenhall to third
James LaRatta to second
2-1: Ball
3-1: Base on Balls
Batting: RHB Ben Overton 0-0: Ball
1-0: Ball
2-0: Called Strike
2-1: Ball
3-1: Swinging Strike
3-2: Foul Ball, location: 9LMF
3-2: Base on Balls
Jonathan Mendenhall scores
James LaRatta to third
Jordan Garcia to second
Batting: RHB Dave Kirschner 0-0: Ball
1-0: Ball
2-0: Called Strike
2-1: Ball
3-1: Grounds into double play, 3-6-1 (Groundball, 3, EV 98.1 MPH)
James LaRatta scores
Jordan Garcia to third
Batting: RHB Andy Santilli 0-0: Ball
1-0: Foul Ball, location: 2F
1-1: Ball
2-1: Swinging Strike
2-2: Strikes out swinging
Top of the 1st over - 2 runs, 1 hit, 0 errors, 1 left on base; Asheville 2 - Rome 0
BOTTOM OF THE 1ST
Rome Braves batting - Pitching for Asheville Tourists : RHP Chris Vaccaro
Pitching: RHP Chris Vaccaro
Batting: LHB Jose Mora 0-0: Called Strike
0-1: Foul Ball, location: 2F
0-2: Strikes out swinging
Batting: RHB Dan Larkin 0-0: SOLO HOME RUN (Flyball, 7D, EV 96.3 MPH), Distance : 372 ft
Batting: RHB Beau Burns 0-0: Foul Ball, location: 2F
0-1: Foul Ball, location: 5DF
0-2: Foul Ball, location: 9LSF
0-2: Strikes out swinging
Batting: RHB Billy Hutchison 0-0: Ball
1-0: Foul Ball, location: 25FF
1-1: Ball
2-1: Ball
3-1: Base on Balls
Batting: LHB Glaucio Aspera 0-0: Ball
1-0: Ball
2-0: Fly out, F8 (Line Drive, 8LM, EV 93.1 MPH)
Bottom of the 1st over - 1 run, 1 hit, 0 errors, 1 left on base; Asheville 2 - Rome 1
TOP OF THE 2ND
Asheville Tourists batting - Pitching for Rome Braves : RHP Sam Crum
Pitching: RHP David Lopez
Batting: LHB Nick Cummings 0-0: Called Strike
0-1: Ball
1-1: Ball
2-1: Called Strike
2-2: Foul Ball, location: 23F
2-2: Foul Ball, location: 7LMFF
2-2: Fly out, F3 (Popup, 3SF, EV 71.9 MPH)
Batting: RHB Ezequiel Torka 0-0: Foul Ball, location: 2F
0-1: Swinging Strike
0-2: Ball
1-2: Foul Ball, location: 9LMF
1-2: SINGLE (Groundball, 34D, EV 102.5 MPH)
Batting: RHB Josh Talley 0-0: Fly out, F6 (Popup, P, EV 73.8 MPH)
Batting: RHB Jonathan Mendenhall 0-0: Called Strike
0-1: Swinging Strike
0-2: SINGLE (Groundball, 4MD, EV 108.1 MPH)
Ezequiel Torka to second
Runner from 2nd tries for 3rd, OUT! 8-5
Top of the 2nd over - 0 runs, 2 hits, 0 errors, 1 left on base; Asheville 2 - Rome 1
BOTTOM OF THE 2ND
Rome Braves batting - Pitching for Asheville Tourists : RHP Chris Vaccaro
Batting: RHB Milt Bardowell 0-0: Ball
1-0: Ball
2-0: Ground out 5-3 (Groundball, 56, EV 89.4 MPH)
Batting: RHB Angelo Echeandia 0-0: Ball
1-0: Ball
2-0: Ball
3-0: Called Strike
3-1: Called Strike
3-2: Base on Balls
Batting: RHB Guadalupe Moreno 0-0: Called Strike
0-1: Swinging Strike
0-2: Foul Ball, location: 7LSF
0-2: Strikes out swinging
Batting: RHB Mario Gomez 0-0: Foul Ball, location: 5FF
0-1: Foul Ball, location: 9LMF
0-2: Ball
1-2: Ball
Angelo Echeandia is caught stealing 2nd base 2-4
Bottom of the 2nd over - 0 runs, 0 hits, 0 errors, 0 left on base; Asheville 2 - Rome 1
TOP OF THE 3RD
Asheville Tourists batting - Pitching for Rome Braves : RHP David Lopez
Batting: RHB James LaRatta 0-0: Ball
1-0: Foul Ball, location: 23FF
1-1: Swinging Strike
1-2: Ball
2-2: Fly out, F8 (Line Drive, 8RM, EV 91.9 MPH)
Batting: SHB Jordan Garcia 0-0: Ball
1-0: Foul Ball, location: 2F
1-1: Foul Ball, location: 23F
1-2: Fly out, F8 (Flyball, 8LS, EV 90.6 MPH)
Batting: RHB Ben Overton 0-0: Ball
1-0: Ball
2-0: Swinging Strike
2-1: Foul Ball, location: 2F
2-2: Ball
3-2: Fly out, F4 (Popup, 34S, EV 78.8 MPH)
Top of the 3rd over - 0 runs, 0 hits, 0 errors, 0 left on base; Asheville 2 - Rome 1
BOTTOM OF THE 3RD
Rome Braves batting - Pitching for Asheville Tourists : RHP Chris Vaccaro
Batting: RHB Mario Gomez 0-0: Ball
1-0: Ball
2-0: Called Strike
2-1: Called Strike
2-2: Fly out, F8 (Flyball, 78S, EV 85.6 MPH)
Batting: LHB Jose Mora 0-0: Called Strike
0-1: Swinging Strike
0-2: Strikes out swinging
Batting: RHB Dan Larkin 0-0: Called Strike
0-1: Fly out, F8 (Line Drive, 8RS, EV 99.4 MPH)
Bottom of the 3rd over - 0 runs, 0 hits, 0 errors, 0 left on base; Asheville 2 - Rome 1
TOP OF THE 4TH
Asheville Tourists batting - Pitching for Rome Braves : RHP David Lopez
Batting: RHB Dave Kirschner 0-0: Ball
1-0: Swinging Strike
1-1: Swinging Strike
1-2: Fly out, F8 (Line Drive, 8RM, EV 88.1 MPH)
Batting: RHB Andy Santilli 0-0: Called Strike
0-1: Ball
1-1: Ball
2-1: Ball
3-1: Called Strike
3-2: Base on Balls
Batting: LHB Nick Cummings 0-0: Ball
1-0: Called Strike
1-1: Ball
2-1: Fly out, F5 (Popup, 56S, EV 78.8 MPH)
Batting: RHB Ezequiel Torka 0-0: Called Strike
0-1: Fly out, F4 (Popup, 4, EV 62.5 MPH)
Top of the 4th over - 0 runs, 0 hits, 0 errors, 1 left on base; Asheville 2 - Rome 1
BOTTOM OF THE 4TH
Rome Braves batting - Pitching for Asheville Tourists : RHP Chris Vaccaro
Batting: RHB Beau Burns 0-0: Called Strike
0-1: Ball
1-1: SINGLE (Groundball, 4MD, EV 100.0 MPH)
Batting: RHB Billy Hutchison 0-0: Foul Ball, location: 2LF
0-1: Called Strike
0-2: Ball
1-2: SINGLE (Line Drive, 78S, EV 102.5 MPH)
Beau Burns to second
Batting: LHB Glaucio Aspera 0-0: Called Strike
0-1: Grounds into double play, U6-3 (Groundball, 4MD, EV 102.5 MPH)
Beau Burns to third
Batting: RHB Milt Bardowell 0-0: Ball
1-0: Foul Ball, location: 3SF
1-1: Ball
2-1: Ball
3-1: DOUBLE (Line Drive, 9LM, EV 93.8 MPH)
Beau Burns scores
Batting: RHB Angelo Echeandia 0-0: SINGLE (Line Drive, 6D, EV 103.1 MPH)
Milt Bardowell to third
Runner from 3rd tries for Home, SAFE, throw by CF to home
Batting: RHB Guadalupe Moreno 0-0: Ball
1-0: Ball
2-0: Called Strike
2-1: Foul Ball, location: 5SF
2-2: Foul Ball, location: 7LDF
2-2: Fly out, F9 (Flyball, 9S, EV 91.9 MPH)
Bottom of the 4th over - 2 runs, 4 hits, 0 errors, 1 left on base; Asheville 2 - Rome 3
TOP OF THE 5TH
Asheville Tourists batting - Pitching for Rome Braves : RHP David Lopez
Batting: RHB Josh Talley 0-0: Called Strike
0-1: Swinging Strike
0-2: Foul Ball, location: 23F
0-2: Strikes out looking
Batting: RHB Jonathan Mendenhall 0-0: Ball
1-0: Foul Ball, location: 23F
1-1: Foul Ball, location: 3SF
1-2: Foul Ball, location: 2F
1-2: Fly out, F7 (Line Drive, 7S, EV 99.4 MPH)
Batting: RHB James LaRatta 0-0: Ball
1-0: Swinging Strike
1-1: Foul Ball, location: 25F
1-2: Ball
2-2: Strikes out swinging
Top of the 5th over - 0 runs, 0 hits, 0 errors, 0 left on base; Asheville 2 - Rome 3
BOTTOM OF THE 5TH
Rome Braves batting - Pitching for Asheville Tourists : RHP Chris Vaccaro
Batting: RHB Mario Gomez 0-0: Ball
1-0: Ball
2-0: Ball
3-0: Base on Balls
Batting: LHB Jose Mora 0-0: Called Strike
0-1: Ball
1-1: Fielders Choice at 2nd, 2-4 (Groundball, 15S, EV 70.0 MPH)
Batting: RHB Dan Larkin 0-0: Called Strike
Jose Mora steals 2nd base
0-1: Ball
1-1: Foul Ball, location: 2F
1-2: Foul Ball, location: 2F
1-2: Fly out, F2 (Popup, 5SF, EV 76.9 MPH)
Batting: RHB Beau Burns 0-0: 2-RUN HOME RUN (Flyball, 7D, EV 93.8 MPH), Distance : 370 ft
Pitching: LHP Brian Wright
Batting: RHB Billy Hutchison 0-0: Ground out 4-3 (Groundball, 4, EV 103.8 MPH)
Bottom of the 5th over - 2 runs, 1 hit, 0 errors, 0 left on base; Asheville 2 - Rome 5
TOP OF THE 6TH
Asheville Tourists batting - Pitching for Rome Braves : RHP David Lopez
Batting: SHB Jordan Garcia 0-0: Called Strike
0-1: SINGLE (Line Drive, 6M, EV 100.0 MPH)
Batting: RHB Ben Overton 0-0: Ball
1-0: Ball
2-0: Ball
3-0: Called Strike
3-1: Fly out, F7 (Line Drive, 7LS, EV 98.1 MPH)
Batting: RHB Dave Kirschner 0-0: Called Strike
0-1: SINGLE (Groundball, 6MD, EV 100.6 MPH)
Jordan Garcia to second
Batting: RHB Andy Santilli 0-0: Ball
1-0: Foul Ball, location: 9LSF
1-1: Ball
2-1: Foul Ball, location: 9LMF
2-2: Ball
3-2: Foul Ball, location: 2F
3-2: Base on Balls
Jordan Garcia to third
Dave Kirschner to second
Batting: LHB Nick Cummings 0-0: Ball
Wild Pitch!
Jordan Garcia scores
Dave Kirschner to third
Andy Santilli to second
1-0: Ball
2-0: Foul Ball, location: 5F
2-1: Ball
3-1: Base on Balls
Pinch Hitting: RHB Danny Ward 0-0: Fly out, F4 (Popup, 4M, EV 71.3 MPH)
Pinch Hitting: RHB Frank Segura 0-0: Ball
1-0: Swinging Strike
1-1: GRAND SLAM HOME RUN (Flyball, 8RXD, EV 101.3 MPH), Distance : 427 ft
Batting: RHB Jonathan Mendenhall 0-0: Called Strike
0-1: Fly out, F5 (Popup, 15, EV 85.0 MPH)
Top of the 6th over - 5 runs, 3 hits, 0 errors, 0 left on base; Asheville 7 - Rome 5
BOTTOM OF THE 6TH
Rome Braves batting - Pitching for Asheville Tourists : LHP Brian Wright
Now at 3B: Dario Nunez
Now at SS: Ben Overton
Now in LF: Jordan Garcia
Now in RF: Franklin Perez
Batting: LHB Glaucio Aspera 0-0: Ground out 4-3 (Groundball, 4, EV 83.1 MPH)
Batting: RHB Milt Bardowell 0-0: Ball
1-0: Fly out, F6 (Popup, 15, EV 86.3 MPH)
Batting: RHB Angelo Echeandia 0-0: Swinging Strike
0-1: Foul Ball, location: 7LMF
0-2: Ball
1-2: Strikes out swinging
Bottom of the 6th over - 0 runs, 0 hits, 0 errors, 0 left on base; Asheville 7 - Rome 5
TOP OF THE 7TH
Asheville Tourists batting - Pitching for Rome Braves : RHP David Lopez
Pitching: RHP John Mandeville
Batting: RHB James LaRatta 0-0: Ball
1-0: Called Strike
1-1: Foul Ball, location: 2F
1-2: Foul Ball, location: 9LSF
1-2: Ball
2-2: Strikes out swinging
Batting: SHB Jordan Garcia 0-0: Foul Ball, location: 2F
0-1: Ball
1-1: Ground out U3 (Groundball, 3, EV 106.9 MPH)
Batting: RHB Ben Overton 0-0: Ball
1-0: Called Strike
1-1: Ball
2-1: Foul Ball, location: 2F
2-2: Foul Ball, location: 3SF
2-2: Ball
3-2: Base on Balls
Batting: RHB Dave Kirschner 0-0: SINGLE (Groundball, 4D, EV 104.4 MPH)
Ben Overton to second
Runner from 2nd tries for 3rd, SAFE, throw by CF made to third
Dave Kirschner to second
Batting: RHB Andy Santilli 0-0: Swinging Strike
0-1: Foul Ball, location: 2F
0-2: Foul Ball, location: 2F
0-2: Strikes out swinging
Top of the 7th over - 0 runs, 1 hit, 0 errors, 2 left on base; Asheville 7 - Rome 5
BOTTOM OF THE 7TH
Rome Braves batting - Pitching for Asheville Tourists : LHP Brian Wright
Batting: RHB Guadalupe Moreno 0-0: Called Strike
0-1: Ball
1-1: Foul Ball, location: 2F
1-2: SINGLE (Groundball, 34D, EV 97.5 MPH)
Batting: RHB Mario Gomez 0-0: Foul Ball, location: 2RF
0-1: Swinging Strike
0-2: Grounds into double play, 6-4-3 (Groundball, 6S, EV 83.8 MPH)
Pinch Hitting: RHB Matthew Kucek 0-0: Ball
1-0: Ball
2-0: Foul Ball, location: 5F
2-1: Foul Ball, location: 3F
2-2: Ball
3-2: Strikes out swinging
Bottom of the 7th over - 0 runs, 1 hit, 0 errors, 0 left on base; Asheville 7 - Rome 5
TOP OF THE 8TH
Asheville Tourists batting - Pitching for Rome Braves : RHP John Mandeville
Now in RF: Justin Gentry
Batting: LHB Nick Cummings 0-0: Called Strike
0-1: Swinging Strike
0-2: Ball
1-2: Ball
2-2: Strikes out looking
Batting: RHB Dario Nunez 0-0: Called Strike
0-1: Foul Ball, location: 2F
0-2: Reached on error, E6 (Groundball, 6M, EV 100.6 MPH)
Batting: RHB Franklin Perez 0-0: Ball
1-0: Ball
2-0: Grounds into double play, 6-4-3 (Groundball, 6, EV 93.8 MPH)
Top of the 8th over - 0 runs, 0 hits, 1 error, 0 left on base; Asheville 7 - Rome 5
BOTTOM OF THE 8TH
Rome Braves batting - Pitching for Asheville Tourists : LHP Brian Wright
Batting: RHB Dan Larkin 0-0: Called Strike
0-1: Ground out 5-3 (Groundball, 56S, EV 80.6 MPH)
Batting: RHB Beau Burns 0-0: Ball
1-0: Ball
2-0: Fly out, F4 (Popup, 4D, EV 66.9 MPH)
Batting: RHB Billy Hutchison 0-0: DOUBLE (Flyball, 78D, EV 100.0 MPH)
Pinch Hitting: RHB Ricardo Ramos 0-0: Called Strike
0-1: Swinging Strike
0-2: Ball
1-2: Strikes out swinging
Bottom of the 8th over - 0 runs, 1 hit, 0 errors, 1 left on base; Asheville 7 - Rome 5
TOP OF THE 9TH
Asheville Tourists batting - Pitching for Rome Braves : RHP John Mandeville
Now at 1B: Guadalupe Moreno
Now at SS: Ricardo Ramos
Batting: RHB Jonathan Mendenhall 0-0: Called Strike
0-1: SINGLE (Groundball, 6, EV 83.8 MPH)
Batting: RHB James LaRatta 0-0: SINGLE (Groundball, P, EV 81.9 MPH) (infield hit)
Jonathan Mendenhall to second
Batting: SHB Jordan Garcia 0-0: Ball
1-0: Fly out, F8 (Flyball, 8LD, EV 88.1 MPH)
Batting: RHB Ben Overton 0-0: Ball
1-0: Ball
2-0: Foul Ball, location: 2F
2-1: Fielders Choice at 2nd, 6-4 (Groundball, 6, EV 80.0 MPH)
Jonathan Mendenhall to third
Batting: RHB Dave Kirschner 0-0: Ball
1-0: Ground out 4-3 (Groundball, 4, EV 108.8 MPH)
Top of the 9th over - 0 runs, 2 hits, 0 errors, 2 left on base; Asheville 7 - Rome 5
BOTTOM OF THE 9TH
Rome Braves batting - Pitching for Asheville Tourists : LHP Brian Wright
Now in RF: Danny Venegas
Batting: RHB Milt Bardowell 0-0: Called Strike
0-1: Swinging Strike
0-2: Foul Ball, location: 7LDF
0-2: Ball
1-2: Foul Ball, location: 9LMF
1-2: Strikes out swinging
Batting: RHB Angelo Echeandia 0-0: Swinging Strike
0-1: Ball
1-1: Called Strike
1-2: Foul Ball, location: 25FF
1-2: Foul Ball, location: 5F
1-2: Ball
2-2: Ground out 6-3 (Groundball, 6MD, EV 95.6 MPH)
Batting: RHB Guadalupe Moreno 0-0: Ball
1-0: Swinging Strike
1-1: Ball
2-1: Foul Ball, location: 9LMF
2-2: Ground out 6-3 (Groundball, 6, EV 88.1 MPH)
Bottom of the 9th over - 0 runs, 0 hits, 0 errors, 0 left on base; Asheville 7 - Rome 5
Saturday, March 22nd , 2025 - OOTP Baseball 25.11 Build 104